[Event "*** Titled Tuesday Blitz"]
[Site "Chess.com"]
[Date "2020.11.03"]
[Round "1"]
[White "RamyresCoelho"]
[Black "AleksanderHnydiuk"]
[Result "1-0"]
[WhiteElo "2051"]
[BlackElo "2476"]
[TimeControl "180+1"]
[EndTime "10:06:45 PST"]
[Termination "RamyresCoelho won by resignation"]

1. e4 c5 2. Nf3 e6 3. d4 cxd4 4. Nxd4 Nc6 5. Nc3 a6 6. a3 d6 7. Be3 Nf6 8. f3 Bd7 9. Qd2 b5 10. Nxc6 Bxc6 11. O-O-O Be7 12. g4 Qc7 13. h4 O-O 14. g5 Nd7 15. h5 Ne5 16. f4 Nc4 17.
Bxc4 bxc4 18. f5 exf5 19. exf5 Bxh1 20. Rxh1 Rfe8 21. Nd5 Qc6 22. Qg2 Rac8 23. f6 Bf8 24.
g6 Re5 25. gxf7+ Kxf7 26. fxg7 Bxg7 27. Rf1+ Kg8 28. h6 Rc7 29. hxg7 Rf7 30. Rxf7 1-0

[Event "*** Titled Tuesday Blitz"]
[Site "Chess.com"]
[Date "2020.11.03"]
[Round "1"]
[White "Chernobay_Artem"]
[Black "Cocaino74"]
[Result "1-0"]
[WhiteElo "2629"]
[BlackElo "2309"]
[TimeControl "180+1"]
[EndTime "10:06:46 PST"]
[Termination "Chernobay_Artem won on time"]

1. d4 d5 2. c4 e6 3. Nc3 c6 4. e4 dxe4 5. Nxe4 c5 6. Nxc5 Nc6 7. Be3 Nf6 8. Be2 Qa5+ 9. Qd2 Qxd2+ 10. Kxd2 Bxc5 11. dxc5 O-O 12. a3 a5 13. Nf3 a4 14.
Rhd1 e5 15. Ke1 h6 16. h3 Be6 17. Nd2 Rfd8 18. Bf3 e4 19. Nxe4 Nxe4 20. Bxe4 Bxc4 21.
Rd6 Bb3 22. Rc1 Rac8 23. f3 g6 24. Bxh6 f5 25. Bc2 Rxd6 26. cxd6 1-0

[Event "*** Titled Tuesday Blitz"]
[Site "Chess.com"]
[Date "2020.11.03"]
[Round "1"]
[White "A-S-00"]
[Black "Ranindu2003"]
[Result "1-0"]
[WhiteElo "2309"]
[BlackElo "2585"]
[TimeControl "180+1"]
[EndTime "10:06:47 PST"]
[Termination "A-S-00 won by resignation"]

1. d4 Nf6 2. Nf3 e6 3. c4 d5 4. g3 Be7 5. Bg2 O-O 6. O-O dxc4 7. Qc2 a6 8. a4 Nc6 9. Qxc4 Na5 10. Qc2 b6 11. Nc3 Bb7 12. e4 c5 13. Rd1 cxd4 14.
Nxd4 Qc7 15. Qe2 Rfd8 16. Bg5 h6 17. Be3 Nc4 18. Rac1 Nxe3 19. Qxe3 Qe5 20. f4 Qb8 21. e5 Ng4 22. Qe2 Bc5 23. Qxg4 Bxd4+ 24. Kh1 Bxg2+ 25.
Kxg2 b5 26. Ne4 Qb7 27. Qf3 Rab8 28. a5 Bxb2 29. Rxd8+ Rxd8 30. Nf6+ gxf6 31. Qxb7 Bxc1 32. exf6 Bb2 33. Qxa6 b4 34. Qb6 Rd2+ 35. Kf3 Bd4 36. Qxb4 Rd3+ 37. Ke4 Rd2 38. Qxd2 1-0

[Event "*** Titled Tuesday Blitz"]
[Site "Chess.com"]
[Date "2020.11.03"]
[Round "1"]
[White "martynkovaelena"]
[Black "Borsuk_Konstantin"]
[Result "0-1"]
[WhiteElo "2278"]
[BlackElo "2589"]
[TimeControl "180+1"]
[EndTime "10:06:47 PST"]
[Termination "Borsuk_Konstantin won by resignation"]

1. d4 Nf6 2. Nf3 e6 3. g3 b6 4. Bg2 Bb7 5. O-O g6 6. c4 Bg7 7.
Nc3 O-O 8. b3 Ne4 9. Bb2 d6 10.
Rc1 Nd7 11. Nxe4 Bxe4 12. Nd2 Bxg2 13. Kxg2 f5 14. Qc2 h5 15. h4 a5 16. e3 Qe7 17.
Nf3 Nf6 18. Ng5 Bh6 19. d5 Bxg5 20. hxg5 Ne4 21. dxe6 Nxg5 22. Qc3 Kh7 23. Rh1 Nxe6 24. Rh4 Qg7 25. Qd2 Qd7 26. Rch1 Qc6+ 27. Kf1 Qf3 28. R1h3 Ng5 29. Rf4 Qc6 30. Qc3 Rf7 31. Rhh4 Ne6 32.
Rd4 Nxd4 33. Qxd4 Re8 34. Qf4 Qe4 35. Qxe4 Rxe4 0-1

[Event "*** Titled Tuesday Blitz"]
[Site "Chess.com"]
[Date "2020.11.03"]
[Round "1"]
[White "MYMChessAcademy"]
[Black "UCantHandleDenker"]
[Result "0-1"]
[WhiteElo "2076"]
[BlackElo "2503"]
[TimeControl "180+1"]
[EndTime "10:06:47 PST"]
[Termination "UCantHandleDenker won by checkmate"]

1. e4 c5 2. Nf3 d6 3. d4 cxd4 4. Nxd4 Nf6 5. Nc3 g6 6. Be3 Bg7 7. Be2 O-O 8. g4 Nc6 9. g5 Nd7 10. h4 Nxd4 11. Bxd4 Bxd4 12. Qxd4 Qb6 13. Qxb6 Nxb6 14. a4 Be6 15. a5 Nd7 16. f4 f6 17. Nd5 Bxd5 18. exd5 fxg5 19. fxg5 Ne5 20. Rd1 Rf4 21. c3 Raf8 22. Rd4 Rxd4 23. cxd4 Nf3+ 24. Bxf3 Rxf3 25. Ke2 Rb3 26. Rb1 Kf7 27. Kd2 Ke8 28. Kc2 Rh3 29. b4 Rxh4 30. Kc3 Rh3+ 31. Kc4 Rg3 32.
b5 Rxg5 33. a6 b6 34. Rh1 h5 35. Rf1 h4 36. Rh1 Rh5 37. Rh3 g5 38. Kd3 g4 39.
Rh1 h3 40. Ke3 g3 41. Kf3 g2 42. Rg1 h2 43. Kxg2 hxg1=Q+ 44. Kxg1 Rxd5 45. Kf2 Rxd4 46. Ke3 Rb4 47. Kd3 e5 48. Kc3 Rxb5 49. Kc4 Rc5+ 50. Kb4 Kd7 51. Ka4 Kc6 52. Kb4 e4 53. Ka4 e3 54. Kb4 e2 55. Ka4 e1=Q 56. Ka3 Qa5+ 57. Kb3 Rc3+ 58. Kb2 Qa3+ 59. Kb1 Rc1# 0-1

[Event "*** Titled Tuesday Blitz"]
[Site "Chess.com"]
[Date "2020.11.03"]
[Round "1"]
[White "chito89"]
[Black "jonaszmb"]
[Result "1-0"]
[WhiteElo "2792"]
[BlackElo "2395"]
[TimeControl "180+1"]
[EndTime "10:06:48 PST"]
[Termination "chito89 won on time"]

1. e4 c5 2. Nf3 d6 3. d4 cxd4 4. Nxd4 Nf6 5. Nc3 a6 6. h3 e5 7. Nb3 Be6 8. f4 exf4 9. Bxf4 Nc6 10. Qd2 Ne5 11. O-O-O Rc8 12. Kb1 Be7 13. g4 h6 14.
Nd4 Qb6 15. Nf5 Bxf5 16. exf5 O-O 17. Be3 Qc7 18. g5 hxg5 19. Bxg5 Nf3 20. Qg2 Nxg5 21. Qxg5 Nd5 22. Qd2 Nxc3+ 23. Qxc3 Qxc3 24. bxc3 Rxc3 25. Bg2 Rg3 26. Bd5 Rc8 27. Rhe1 Bf6 28. Rd3 Rxd3 29. cxd3 b5 30. Bb7 Rc5 31. a3 Rc3 32. Re8+ Kh7 33.
Bd5 Rxd3 34. Bxf7 Kh6 35. h4 g6 36. Bxg6 Re3 37. Rxe3 1-0

[Event "*** Titled Tuesday Blitz"]
[Site "Chess.com"]
[Date "2020.11.03"]
[Round "1"]
[White "Vesper2018"]
[Black "Keures"]
[Result "0-1"]
[WhiteElo "2606"]
[BlackElo "2318"]
[TimeControl "180+1"]
[EndTime "10:06:49 PST"]
[Termination "Keures won by resignation"]

1. e4 e6 2. d4 d5 3. e5 c5 4.
c3 Qb6 5. Nf3 Bd7 6. Be2 Bb5 7.
O-O Bxe2 8. Qxe2 cxd4 9. cxd4 Ne7 10. Rd1 Nd7 11. Nc3 Nc6 12. b3 Rc8 13. Bb2 Be7 14. Nb5 a6 15. Nd6+ Bxd6 16. exd6 O-O 17. Ne5 Rfd8 18. Rac1 Nf6 19. Nxc6 Rxc6 20. Rxc6 Qxc6 21. Ba3 Ne4 22. Rc1 Qb6 23. Rc7 Nxd6 24. Bxd6 Rxd6 25. Rc8+ Rd8 26. Qc2 g6 27. Rc5 Rd6 28. a3 Rc6 29. b4 a5 30. bxa5 Rxc5 31. Qxc5 Qb1+ 0-1

[Event "*** Titled Tuesday Blitz"]
[Site "Chess.com"]
[Date "2020.11.03"]
[Round "1"]
[White "Snegokhod"]
[Black "LiemLe"]
[Result "0-1"]
[WhiteElo "2468"]
[BlackElo "3007"]
[TimeControl "180+1"]
[EndTime "10:06:50 PST"]
[Termination "LiemLe won by resignation"]

1. e4 c5 2. Nf3 Nc6 3. Bb5 g6 4.
O-O Bg7 5. Re1 e5 6. d3 Nge7 7. a3 O-O 8. Bc4 h6 9. Nc3 d6 10. Nd5 Nxd5 11. Bxd5 Kh7 12. c3 Ne7 13. Ba2 f5 14. b4 b6 15. Nd2 f4 16. Bb2 g5 17.
f3 Ng6 18. d4 Qe7 19. dxc5 dxc5 20. bxc5 Qxc5+ 21. Kh1 Bb7 22. Qe2 Rfd8 23. Nb3 Qc7 24. c4 Ba6 25. Rac1 Rac8 26. Nd2 Nf8 27. Nf1 Ne6 28. Qf2 Qc5 29. Qxc5 Nxc5 30. Bc3 Nd3 31.
Kg1 Bxc4 32. Bxc4 Rxc4 33. Bd2 Rxc1 34. Rxc1 Nxc1 35. Bxc1 Rd1 36. Bb2 Rb1 37. Bc3 a5 38. Kf2 Rb3 39. Bd2 Bf8 40. Ke2 Bxa3 41. Kd1 Rb1+ 42.
Ke2 Bb2 43. Be1 a4 44. Nd2 Rxe1+ 45. Kxe1 Bc3 46. Ke2 Bxd2 47. Kxd2 b5 48. Kc3 h5 49. Kb4 g4 50. h4 Kg6 51. Kxb5 a3 52. Kb4 a2 53.
Kb3 a1=Q 0-1

[Event "*** Titled Tuesday Blitz"]
[Site "Chess.com"]
[Date "2020.11.03"]
[Round "1"]
[White "Mikhail_Golubev"]
[Black "HouseOfDurin"]
[Result "1-0"]
[WhiteElo "2543"]
[BlackElo "2183"]
[TimeControl "180+1"]
[EndTime "10:06:50 PST"]
[Termination "Mikhail_Golubev won by checkmate"]

1. e4 c5 2. Nf3 Nc6 3. Nc3 e5 4.
Bc4 g6 5. h4 h6 6. h5 g5 7. Nh2 d6 8. Ng4 Bg7 9. Ne3 Nge7 10. Ncd5 Nxd5 11. Bxd5 Be6 12. g4 Qd7 13. c3 Ne7 14. c4 O-O-O 15. d3 Kb8 16. Bd2 Nc6 17. Kf1 Nd4 18. Kg2 Bxd5 19. cxd5 f6 20. b4 b6 21. a4 Bf8 22. a5 Rc8 23. axb6 axb6 24. Ra2 Rc7 25. Nc4 Ra7 26. Nxb6 Qb7 27. Rxa7 Qxa7 28. Nc4 Rh7 29. bxc5 Qxc5 30. Be3 Rb7 31.
Bxd4 Qxd4 32. Qf3 Be7 33. Na5 Qc5 34. Nxb7 Kxb7 35. Rb1+ Kc7 36. Qf5 Kd8 37. Rb8+ Kc7 38. Qc8# 1-0

[Event "*** Titled Tuesday Blitz"]
[Site "Chess.com"]
[Date "2020.11.03"]
[Round "1"]
[White "Mikasinski"]
[Black "hansen"]
[Result "0-1"]
[WhiteElo "2457"]
[BlackElo "2940"]
[TimeControl "180+1"]
[EndTime "10:06:51 PST"]
[Termination "hansen won by resignation"]

1. e4 c5 2. Nf3 e6 3. d4 cxd4 4. Nxd4 a6 5. Be2 Qc7 6. O-O Nf6 7. Nc3 Bb4 8. Bg5 Nc6 9. Rb1 h6 10. Bh4 Be7 11. Bg3 d6 12. Kh1 Bd7 13. f4 Rc8 14. f5 Nxd4 15. Qxd4 e5 16. Qd3 b5 17. a3 Bc6 18. Rbd1 Qb7 19. Bf3 a5 20. b4 axb4 21. axb4 O-O 22. Ra1 Ra8 23. Bf2 Rfc8 24. Rfe1 Nh7 25.
g3 Nf6 26. h3 Bd7 27. Be2 Rc4 28. Bf3 Rac8 29. Ra3 Rxb4 30. Ra7 Qb8 31. Rxd7 Rxc3 32. Qxc3 Rc4 33. Qxc4 bxc4 34. Rxe7 Qb2 35. Ra7 Qxc2 36. Re2 Qd3 37. Kg2 d5 38. exd5 e4 39. Ra8+ Kh7 40. Bxe4 Nxe4 41. Re8 Qxe2 0-1

[Event "*** Titled Tuesday Blitz"]
[Site "Chess.com"]
[Date "2020.11.03"]
[Round "1"]
[White "lider34"]
[Black "Semen_Khanin"]
[Result "0-1"]
[WhiteElo "2392"]
[BlackElo "2779"]
[TimeControl "180+1"]
[EndTime "10:06:51 PST"]
[Termination "Semen_Khanin won by resignation"]

1. e4 c5 2. c3 Nf6 3. e5 Nd5 4. d4 cxd4 5. Nf3 Nc6 6. Bc4 Nb6 7. Bb3 d6 8. exd6 Qxd6 9. O-O Be6 10. Na3 Bxb3 11. Qxb3 e6 12. Nb5 Qd8 13. Nbxd4 Nxd4 14. Nxd4 Be7 15. Rd1 Qd5 16. Be3 O-O 17. Nb5 Qf5 18. Nxa7 Nd5 19. Nb5 Nxe3 20. fxe3 Qe4 21. c4 Bc5 22.
Nd4 e5 23. Nc2 Rad8 24. Qc3 h5 25. b4 Be7 26. c5 h4 27. h3 Bg5 28. Qb3 Kh7 29. a4 f5 30. b5 f4 31. exf4 Bxf4 32. Rxd8 Rxd8 33. Ne1 Be3+ 34. Kh1 Rd2 35. Nf3 Rf2 36.
Re1 Rxf3 37. gxf3 Qxf3+ 38. Kh2 Bf4+ 39. Kg1 Qxb3 0-1

[Event "*** Titled Tuesday Blitz"]
[Site "Chess.com"]
[Date "2020.11.03"]
[Round "1"]
[White "eCztery"]
[Black "doons21"]
[Result "0-1"]
[WhiteElo "2258"]
[BlackElo "2576"]
[TimeControl "180+1"]
[EndTime "10:06:51 PST"]
[Termination "doons21 won on time"]

1. e4 c5 2. Nf3 d6 3. d4 cxd4 4. Qxd4 a6 5. c4 Nc6 6. Qe3 Nf6 7. Nc3 e6 8. h3 Be7 9. Be2 O-O 10.
O-O Qc7 11. b3 b6 12. Bb2 Bb7 13. Rac1 Qd8 14. Rfd1 Nd7 15. Nd4 Rc8 16. Nxc6 Rxc6 17. Kh1 Qa8 18. f4 h6 19. Bf3 Rc7 20. Na4 Qa7 21.
e5 dxe5 22. fxe5 Bg5 23. Qe2 Bxc1 24. Bxc1 Bxf3 25. gxf3 b5 26. Nb2 Qb7 27. Rg1 Kh8 28. Bxh6 g6 29. Bxf8 Nxf8 30. cxb5 axb5 31. Nd3 Nd7 32.
Nf2 Qd5 33. Ng4 Rc3 34. Rd1 Qc6 35. Kg2 Kg7 36. Kg3 Nc5 37. Rd6 Ne4+ 38. Kg2 Nxd6 0-1

[Event "*** Titled Tuesday Blitz"]
[Site "Chess.com"]
[Date "2020.11.03"]
[Round "1"]
[White "Tomekas1"]
[Black "Sebastian"]
[Result "0-1"]
[WhiteElo "2450"]
[BlackElo "2906"]
[TimeControl "180+1"]
[EndTime "10:06:52 PST"]
[Termination "Sebastian won by resignation"]

1. e4 c5 2. Nf3 d6 3. d4 cxd4 4.
Nxd4 Nf6 5. Nc3 a6 6. Be3 e5 7.
Nb3 Be6 8. f3 h5 9. Qd2 Nbd7 10.
O-O-O Be7 11. Kb1 b5 12. Bg5 Rc8 13. g3 b4 14. Na4 a5 15. h4 Qc7 16. Bb5 O-O 17.
g4 hxg4 18. h5 gxf3 19. h6 g6 20. Bxd7 Bxd7 21. Bxf6 Bxf6 22. Qxd6 Qxc2+ 23. Ka1 Be6 24. Nac5 Rfd8 25. h7+ Kh8 26. Qxd8+ Rxd8 27. Rc1 Qe2 28. Nxe6 fxe6 29. Nc5 Rc8 30. Nxe6 Rxc1+ 31. Rxc1 Kxh7 0-1

[Event "*** Titled Tuesday Blitz"]
[Site "Chess.com"]
[Date "2020.11.03"]
[Round "1"]
[White "Angry_Twin"]
[Black "yourstrulyme"]
[Result "0-1"]
[WhiteElo "2855"]
[BlackElo "2462"]
[TimeControl "180+1"]
[EndTime "10:06:52 PST"]
[Termination "yourstrulyme won by resignation"]

1. e4 Nf6 2. e5 Nd5 3. d4 Nb6 4. c4 d6 5. exd6 cxd6 6. Nc3 g6 7. Be3 Bg7 8. Rc1 O-O 9. b3 e5 10. dxe5 dxe5 11. c5 N6d7 12. Bc4 Nc6 13. Nf3 Qa5 14. Ng5 Nxc5 15. O-O Ne6 16. Nxe6 Bxe6 17. Bxe6 fxe6 18. Qd7 Nd4 19. Qxb7 Rac8 20. Bd2 Rxc3 21. Bxc3 Ne2+ 22. Kh1 Nxc3 23. Qc6 e4 24. Qxe6+ Kh8 25. a4 Qb4 26.
Rc2 Rb8 27. Rd2 Nxa4 28. Rfd1 h6 29. bxa4 Qxd2 30. Rf1 Qxf2 31. Rd1 e3 32. Qd6 Rf8 33. Qe6 0-1

[Event "*** Titled Tuesday Blitz"]
[Site "Chess.com"]
[Date "2020.11.03"]
[Round "1"]
[White "Tactictic"]
[Black "tigra"]
[Result "0-1"]
[WhiteElo "2414"]
[BlackElo "2832"]
[TimeControl "180+1"]
[EndTime "10:06:52 PST"]
[Termination "tigra won by resignation"]

1. e4 c5 2. Nf3 g6 3. d4 cxd4 4. Qxd4 Nf6 5. e5 Nc6 6. Qa4 Nd5 7. c4 Nb6 8. Qc2 Bg7 9. Qe4 d6 10. Bf4 Bf5 11. Qe3 O-O 12. Be2 dxe5 13. Nxe5 Nd4 14. Na3 Nxe2 15. Qxe2 Qd4 16. Bg3 h5 17. O-O h4 18.
Rad1 Qc5 19. Bf4 g5 20. Bxg5 Qxe5 21. Qd2 Qxb2 22. Qf4 Bg6 23. Nb5 Qe5 24. Qxh4 f6 25.
Bf4 Qh5 26. Qg3 e5 27. Nc7 exf4 28. Qxf4 Rad8 29. Ne6 Rxd1 30. Nxf8 Rxf1+ 0-1

[Event "*** Titled Tuesday Blitz"]
[Site "Chess.com"]
[Date "2020.11.03"]
[Round "1"]
[White "Rakesh"]
[Black "Oleksandr_Bortnyk"]
[Result "0-1"]
[WhiteElo "2457"]
[BlackElo "2921"]
[TimeControl "180+1"]
[EndTime "10:06:53 PST"]
[Termination "Oleksandr_Bortnyk won by resignation"]

1. e4 Nf6 2. Nc3 d5 3. exd5 Nxd5 4. Nxd5 Qxd5 5. d4 Nc6 6. Nf3 Bg4 7. Be2 O-O-O 8.
Be3 e5 9. c4 Qa5+ 10. Bd2 Bb4 11. d5 Bxf3 12. Bxf3 Nd4 13. Rc1 Rhe8 14. Bc3 Bxc3+ 15.
bxc3 f5 16. O-O Nxf3+ 17. Qxf3 g6 18. Rb1 e4 19. Qe3 b6 20. Rb5 Qxa2 21. c5 Rxd5 22. h4 Qc4 23. Rfb1 Rxc5 24. Rxc5 Qxc5 25. Qh6 Re7 26.
Qf8+ Kb7 27. Qf6 Rd7 28. Ra1 a5 29. Rb1 Rd2 30. Qg5 Qxf2+ 31. Kh1 a4 32. Rxb6+ Kxb6 33. Qf6+ Kb7 0-1

[Event "*** Titled Tuesday Blitz"]
[Site "Chess.com"]
[Date "2020.11.03"]
[Round "1"]
[White "Aleksandar-Topalov"]
[Black "Lestofante90"]
[Result "0-1"]
[WhiteElo "2378"]
[BlackElo "2744"]
[TimeControl "180+1"]
[EndTime "10:06:53 PST"]
[Termination "Lestofante90 won by checkmate"]

1. b3 e5 2. Bb2 Nc6 3. c4 g6 4. Nc3 Bg7 5. g3 d6 6. Bg2 Nge7 7.
a3 O-O 8. e3 Be6 9. Nd5 Qd7 10.
Ne2 Rae8 11. O-O Nc8 12. d4 Nd8 13. dxe5 dxe5 14. Qc2 c6 15. Ndc3 Qc7 16. a4 f5 17. Ba3 Rf7 18. Rad1 a5 19. f4 e4 20. Nd4 Rd7 21. Nxe6 Nxe6 22. Rxd7 Qxd7 23. Rd1 Qc7 24. g4 Rd8 25. Rxd8+ Qxd8 26. gxf5 gxf5 27. Bf1 Nxf4 28. Nxe4 fxe4 29. exf4 Qd4+ 30. Kh1 Qa1 31. Qc1 Qa2 32. c5 Ne7 33. Bc4+ Nd5 34. Bxd5+ cxd5 35. c6 bxc6 36.
Qc5 Qe2 37. h3 Qf3+ 38. Kg1 Qg3+ 39. Kh1 Qxh3+ 40. Kg1 Qg4+ 41. Kh1 Qe6 42. Qxa5 e3 43. Qd8+ Kf7 44. Qc7+ Kg6 45. f5+ Qxf5 46. Qxc6+ Kg5 47. Bc1 Qf1+ 48. Kh2 Be5# 0-1

[Event "*** Titled Tuesday Blitz"]
[Site "Chess.com"]
[Date "2020.11.03"]
[Round "1"]
[White "GM_Huschenbeth"]
[Black "JosefineHeinemann"]
[Result "0-1"]
[WhiteElo "2272"]
[BlackElo "2593"]
[TimeControl "180+1"]
[EndTime "10:06:53 PST"]
[Termination "JosefineHeinemann won by resignation"]

1. e4 e5 2. Nf3 Nc6 3. Bc4 Bc5 4. c3 Nf6 5. d3 a6 6. O-O d6 7. Bb3 h6 8. Nbd2 Ba7 9. Re1 O-O 10.
Nf1 Be6 11. Bc2 d5 12. exd5 Nxd5 13. Nxe5 Nxe5 14. Rxe5 Bxf2+ 15. Kh1 Bb6 16. d4 c6 17.
Qd3 Nf6 18. Ng3 Bc7 19. Nh5 Re8 20. Nxf6+ Qxf6 21. Qh7+ Kf8 22. Be3 Bxe5 23. dxe5 Qxe5 24. Bd4 Qg5 25. b4 Red8 26. Rd1 f6 27. Re1 Kf7 28. Qe4 Re8 29. Qd3 Bd5 30. Rg1 Re4 31. Bb3 Rae8 32. Qc4 Bxc4 0-1

[Event "*** Titled Tuesday Blitz"]
[Site "Chess.com"]
[Date "2020.11.03"]
[Round "1"]
[White "GMKrikor"]
[Black "InitiatingASC"]
[Result "1-0"]
[WhiteElo "2767"]
[BlackElo "2384"]
[TimeControl "180+1"]
[EndTime "10:06:54 PST"]
[Termination "GMKrikor won by resignation"]

1. e4 c5 2. Nf3 Nc6 3. Bb5 Nf6 4. Nc3 g6 5. Bxc6 dxc6 6. d3 Bg7 7. h3 O-O 8. Be3 b6 9. Qd2 Ne8 10. Bh6 Nc7 11.
h4 Bg4 12. Nh2 Bc8 13. h5 Ne6 14. hxg6 hxg6 15. Ng4 f5 16. Bxg7 Kxg7 17. Qh6+ Kf7 18. Ne5+ Kf6 19. Nxg6 Rg8 20. Nh4+ Ke5 21. Nf3+ Kd6 22.
exf5 Rxg2 23. fxe6 Kc7 24. O-O-O Qd6 25. Rhe1 Ba6 26.
Ne4 Qd5 27. Qf4+ Kb7 28. b3 Rag8 29. Rg1 Qh5 30. Rxg2 Rxg2 31. Qf7 b5 1-0

[Event "*** Titled Tuesday Blitz"]
[Site "Chess.com"]
[Date "2020.11.03"]
[Round "1"]
[White "Bodnar_Mykola"]
[Black "penguingm1"]
[Result "0-1"]
[WhiteElo "2406"]
[BlackElo "2811"]
[TimeControl "180+1"]
[EndTime "10:06:55 PST"]
[Termination "penguingm1 won by resignation"]

1. d4 d5 2. c4 e6 3. Nf3 Nf6 4. g3 dxc4 5. Bg2 Nc6 6. Qa4 Bd7 7. Qxc4 Na5 8. Qd3 c5 9. dxc5 Bxc5 10. O-O Qb6 11.
Nc3 O-O 12. Ne5 Rfd8 13. Nxd7 Rxd7 14. Qc2 Rc8 15. h3 Bd4 16. Bg5 h6 17. Bxf6 Bxf6 18. Rfd1 Rdc7 19. Rab1 Bxc3 20. bxc3 Qc5 21. Qa4 b6 22.
Rd7 Qxc3 23. Rbd1 g6 24. Bf3 Kg7 25. Qf4 Rxd7 26. Rxd7 Qf6 27. Rxa7 Qxf4 28. gxf4 Rc2 29. a4 Rc4 30. e3 Rxa4 31. Bc6 Ra1+ 32. Kg2 Kf8 33. Ra8+ Ke7 34. Bb5 Rb1 35. Re8+ Kf6 36. Ba4 Rb4 37. Bd7 Nb7 38. Rb8 Nc5 39. Bc6 Rb2 40.
Rb7 Nxb7 41. Bxb7 b5 0-1

[Event "*** Titled Tuesday Blitz"]
[Site "Chess.com"]
[Date "2020.11.03"]
[Round "1"]
[White "kirillshevchenko"]
[Black "ZEN-22"]
[Result "1-0"]
[WhiteElo "2869"]
[BlackElo "2440"]
[TimeControl "180+1"]
[EndTime "10:06:56 PST"]
[Termination "kirillshevchenko won by resignation"]

1. e4 d5 2. exd5 c6 3. d4 cxd5 4. Bd3 Nc6 5. c3 e5 6. dxe5 Nxe5 7. Bb5+ Nc6 8. Nf3 Bc5 9. O-O Nf6 10. Re1+ Be6 11. Be3 Bxe3 12. Rxe3 O-O 13. Nd4 Ng4 14.
Rg3 Qh4 15. Nf3 Qf6 16. Bxc6 bxc6 17. Qd4 Qh6 18. Nbd2 f5 19. Re1 Rae8 20. Ne5 Nxe5 21. Rxe5 f4 22. Rgg5 Qf6 23. Nf3 h6 24. Rh5 Bf7 25.
Rxe8 Bxe8 26. Qxf6 Rxf6 27. Re5 Kf7 28. b4 g5 29. Nd4 a5 30. a3 axb4 31. axb4 c5 32. bxc5 Ra6 33. h4 Ra1+ 34. Kh2 g4 35. Rf5+ Kg6 36. Rxf4 h5 37. Rf5 Ra2 38. Rg5+ Kf6 39. Rf5+ Kg6 40. c6 Bxc6 41. Rg5+ Kf6 42. Nxc6 Rxf2 43.
Rxh5 Rc2 44. Rxd5 Rxc3 45. Rd6+ Kf5 46. Nd4+ Ke5 47. Rd8 g3+ 48. Kh3 Rc1 49. Kxg3 Rc3+ 50. Nf3+ Kf6 51. Rd4 Ke7 52. Rf4 Rc5 53. Kg4 Ke6 54. h5 Rc2 55. g3 Rh2 56. Ng5+ Ke5 57. Rf5+ Kd6 58. Nf3 Ke7 59. Nxh2 Ke6 60. h6 Kd6 61. h7 Ke6 62. h8=Q Ke7 63. Qf6+ 1-0

[Event "*** Titled Tuesday Blitz"]
[Site "Chess.com"]
[Date "2020.11.03"]
[Round "1"]
[White "Trickov"]
[Black "Kildepiotr"]
[Result "0-1"]
[WhiteElo "2325"]
[BlackElo "2650"]
[TimeControl "180+1"]
[EndTime "10:06:56 PST"]
[Termination "Kildepiotr won on time"]

1. d4 c5 2. c4 cxd4 3. Qxd4 Nc6 4. Qd1 Nf6 5. Nf3 d5 6. e3 e5 7. Nc3 Bb4 8. cxd5 Qxd5 9. Bd2 Qd6 10. Nb5 Qe7 11.
Bxb4 Qxb4+ 12. Qd2 Qxd2+ 13. Nxd2 Ke7 14. Bc4 Rd8 15. Ke2 a6 16. Nc3 b5 17. Bb3 Bf5 18.
Rhd1 Bd3+ 19. Ke1 e4 20. Rac1 Ne5 21. f3 exf3 22. gxf3 Bg6 23. Nde4 Nd3+ 24. Rxd3 Rxd3 25. Nxf6 Kxf6 26. Ke2 Rad8 27. e4 Rd2+ 28. Ke3 Rxh2 29. Nd5+ Kg5 30. Rg1+ Kh6 31. Kf4 Bh5 32. Ne7 g6 0-1

[Event "*** Titled Tuesday Blitz"]
[Site "Chess.com"]
[Date "2020.11.03"]
[Round "1"]
[White "Iskusnyh"]
[Black "politeplayer"]
[Result "1-0"]
[WhiteElo "2574"]
[BlackElo "2251"]
[TimeControl "180+1"]
[EndTime "10:06:57 PST"]
[Termination "Iskusnyh won by checkmate"]

1. d4 Nf6 2. c4 c5 3. d5 e6 4. Nc3 exd5 5. cxd5 d6 6. Nf3 g6 7. Nd2 Bg7 8. e4 O-O 9. Be2 a6 10. a4 Nbd7 11. O-O Re8 12. Ra3 Rb8 13. a5 Qc7 14.
Kh1 b5 15. axb6 Rxb6 16. Nc4 Rb4 17. f3 Ne5 18. Nxe5 Rxe5 19. Bxa6 Rd4 20. Qc2 Rh5 21. Nb5 Qd8 22. Bxc8 Qxc8 23. Nxd4 Qd8 24. Nc6 Qe8 25. Bf4 h6 26. Bxd6 Nd7 27. g4 Rh4 28. Bg3 g5 29. e5 h5 30. Bxh4 gxh4 31. Qf5 hxg4 32. Qxg4 Nf8 33. f4 h3 34. Rxh3 Ng6 35. Qf5 c4 36.
Rg1 c3 37. bxc3 Qa8 38. Rxg6 fxg6 39. Ne7# 1-0

[Event "*** Titled Tuesday Blitz"]
[Site "Chess.com"]
[Date "2020.11.03"]
[Round "1"]
[White "Andreikka"]
[Black "Oglob71"]
[Result "0-1"]
[WhiteElo "2907"]
[BlackElo "2473"]
[TimeControl "180+1"]
[EndTime "10:06:59 PST"]
[Termination "Oglob71 won by resignation"]

1. c4 Nf6 2. Nc3 c5 3. Nf3 e6 4. g3 b6 5. Bg2 Bb7 6. O-O d6 7. d4 cxd4 8. Qxd4 a6 9. b3 Nbd7 10. Ba3 Qc7 11. Rfd1 Nc5 12. Rac1 Be7 13. Bb2 O-O 14.
Ne1 Bxg2 15. Nxg2 Rad8 16. Qf4 Qb7 17. Qf3 Qxf3 18. exf3 Rb8 19. Ne3 Rfd8 20. b4 Ncd7 21. Ne4 Nxe4 22. fxe4 Rdc8 23. a3 Rc7 24. f4 Rbc8 25.
Kf2 Kf8 26. Kf3 b5 27. cxb5 axb5 28. Rxc7 Rxc7 29. Bd4 g6 30. Rd2 Nb8 31. f5 Ke8 32. fxe6 fxe6 33. Nd1 Rc4 34. Nc3 e5 35. Nxb5 exd4 36.
Nxd4 Rc3+ 37. Kf4 Rxa3 38. Nb5 Rb3 39. Nc7+ Kd7 40. Nd5 Nc6 41. Ra2 Ke6 42. Ra6 Nxb4 43. Nc7+ Kf7 44. Ra7 Nc6 45. Ra8 g5+ 46. Kg4 Ne5+ 47.
Kh5 Rb2 48. h4 gxh4 49. Nd5 hxg3 50. Ra7 Nc6 51. Rc7 g2 0-1

[Event "*** Titled Tuesday Blitz"]
[Site "Chess.com"]
[Date "2020.11.03"]
[Round "1"]
[White "Balla_Tamas"]
[Black "WonderChampion"]
[Result "1-0"]
[WhiteElo "2490"]
[BlackElo "2021"]
[TimeControl "180+1"]
[EndTime "10:07:00 PST"]
[Termination "Balla_Tamas won on time"]

1. d4 d5 2. c4 e6 3. Nc3 c6 4. Bf4 Nf6 5. e3 dxc4 6. Bxc4 Bb4 7. Nf3 Ne4 8. Qb3 Bxc3+ 9. bxc3 O-O 10. Bd3 Nf6 11. O-O Nbd7 12. c4 a5 13. Ne5 Nxe5 14.
Bxe5 Qe7 15. Qc2 h6 16. Rab1 Nd7 17. Bc7 Nf6 18. Bg3 Nh5 19. Rb6 Nxg3 20. hxg3 e5 21. d5 cxd5 22. cxd5 f5 23. e4 f4 24. gxf4 Rxf4 25. d6 Qd8 26. Rfb1 Qf8 27. g3 Rf6 28. Qc5 Bh3 29. Bc4+ Kh8 30. Bd5 Rc8 31. Qe3 Rf3 32. Qe2 Bg4 33. Qb2 Qd8 34. Rxb7 Rfc3 35. Rb8 1-0

[Event "*** Titled Tuesday Blitz"]
[Site "Chess.com"]
[Date "2020.11.03"]
[Round "1"]
[White "SergeyShtyka"]
[Black "esapunov"]
[Result "1-0"]
[WhiteElo "2356"]
[BlackElo "2651"]
[TimeControl "180+1"]
[EndTime "10:07:01 PST"]
[Termination "SergeyShtyka won by resignation"]

1. e4 c5 2. Nf3 d6 3. d4 cxd4 4. Nxd4 Nf6 5. Nc3 Nc6 6. Bc4 e6 7. O-O Be7 8. Be3 O-O 9. f4 d5 10. exd5 exd5 11. Be2 Re8 12. Bf3 Bb4 13. Bf2 Bxc3 14. bxc3 Na5 15. Re1 Ne4 16. Bxe4 dxe4 17. Qh5 Bd7 18. Rad1 Qc7 19. Re3 Nc4 20. Rg3 g6 21.
Qh6 e3 22. Be1 Qc5 23. Ne2 Bf5 24. Rd4 Rac8 25. Rg5 Qf8 26. Qh4 f6 27. Rxf5 gxf5 28. Ng3 Nd6 29. c4 Rxc4 30. Rxd6 Qxd6 31. Nxf5 Qxf4 32.
Qxf6 Rc7 33. Nh6+ Qxh6 34. Qxh6 Rf7 35. Qg5+ Kh8 36. Bc3+ 1-0

[Event "*** Titled Tuesday Blitz"]
[Site "Chess.com"]
[Date "2020.11.03"]
[Round "1"]
[White "Triumphmate"]
[Black "1stSecond"]
[Result "0-1"]
[WhiteElo "2387"]
[BlackElo "2768"]
[TimeControl "180+1"]
[EndTime "10:07:02 PST"]
[Termination "1stSecond won by resignation"]

1. e4 e5 2. Nf3 Nc6 3. Nc3 Nf6 4. Bb5 Bb4 5. O-O O-O 6. d3 Bxc3 7. bxc3 d6 8. Bg5 h6 9. Bh4 Bd7 10. Re1 Ne7 11.
Bxd7 Nxd7 12. d4 Qe8 13. Bg3 Nc6 14. Rb1 Rb8 15. Qd2 Nb6 16. Nh4 Rd8 17. Nf5 Kh7 18. f4 f6 19. a4 Ne7 20. fxe5 dxe5 21. a5 Nc4 22. Qe2 Nxa5 23. Nxe7 Qxe7 24. dxe5 fxe5 25. Rb5 Nc6 26. Rxb7 Rb8 27. Qb5 Rxb7 28. Qxb7 Qd6 29. Qb5 Rd8 30. h3 Qg6 31. Kh2 Rd2 32. Re2 Rd1 33.
Qc5 Qf6 34. Rf2 Qe6 35. Rf5 Rd2 36. Bxe5 Rxc2 37. Bd4 Qxe4 38. Rf3 Qxf3 0-1